 Dungeon Crawl Stone Soup version 0.28-a0-577-gb193047a1f (webtiles) character file.

Game seed: 2273896130043697573

285302 Spaninq the Warrior (level 21, -11/172 HPs)
             Began as a Human Wanderer on Oct 1, 2021.
             Was a High Priest of Okawaru.
             Mangled by a vampire knight (30 damage)
             ... on level 2 of the Vaults.
             The game lasted 03:26:48 (46086 turns).

Spaninq the Warrior (Human Wanderer)               Turns: 46086, Time: 03:26:49

Health: -11/172    AC: 20    Str: 20    XL:     21   Next: 48%
Magic:  31/31      EV: 17    Int: 13    God:    Okawaru [*****.]
Gold:   581        SH: 17    Dex: 22    Spells: 20/20 levels left

rFire   + + .      SeeInvis .   s - +9 double sword (elec)
rCold   + + +      Faith    .   Q - +2 shield of Resistance {rF++ rC++ Will++}
rNeg    + . .      Spirit   .   C - +0 swamp dragon scales
rPois   +          Reflect  .   Z - +0 hat of the Enormous Echidna {rElec Dex+5}
rElec   +          Harm     .   v - +1 cloak
rCorr   .          Rampage  .   i - +1 pair of gloves "Iczumm" {Slay+4}
Will    ++++.                   b - +1 pair of boots {Stlth+}
Stlth   ++........              w - amulet of regeneration
HPRegen 1.38/turn               l - ring "Zeshopt" {rC+ rN+ Dex+2 Slay+2}
MPRegen 0.22/turn               D - ring of willpower

@: about to teleport, studying Long Blades
A: no striking features
}: 2/15 runes: decaying, serpentine
a: Renounce Religion, Heroism, Finesse, Duel


You were on level 2 of the Vaults.
You worshipped Okawaru.
Okawaru was extremely pleased with you.
You visited 6 branches of the dungeon, and saw 33 of its levels.
You visited 1 bazaar.
You also visited: Gauntlet and Ice Cave.

You collected 4232 gold pieces.
You spent 3651 gold pieces at shops.

Inventory:

Hand Weapons
 a - a +4 hand crossbow of venom
 d - a +1 demon blade of flaming
 s - a +9 double sword of electrocution (weapon)
Missiles
 c - 1027 bolts
Armour
 b - a +1 pair of boots of stealth (worn)
 i - the +1 pair of gloves "Iczumm" (worn) {Slay+4}
   (You acquired it on level 1 of the Swamp)

   Slay:      It affects your accuracy & damage with ranged weapons and melee
   (+4).
 k - a +1 pair of boots of flying
 v - a +1 cloak (worn)
 C - +0 swamp dragon scales (worn)
 Q - the +2 shield of Resistance (worn) {rF++ rC++ Will++}
   (You found it on level 2 of the Swamp)

   rF:        It greatly protects you from fire.
   rC:        It greatly protects you from cold.
   Will:      It greatly increases your willpower.
 V - a scarf of harm
 Z - the +0 hat of the Enormous Echidna (worn) {rElec Dex+5}
   (You acquired it in a Gauntlet)

   Dex:       It affects your dexterity (+5).
   rElec:     It insulates you from electricity.
Jewellery
 h - a ring of see invisible
 l - the ring "Zeshopt" (left hand) {rC+ rN+ Dex+2 Slay+2}
   (You found it on level 5 of the Dungeon)

   [ring of positive energy]

   Dex:       It affects your dexterity (+2).
   Slay:      It affects your accuracy & damage with ranged weapons and melee
   (+2).
   rC:        It protects you from cold.
   rN:        It protects you from negative energy.
 n - a ring of fire
 w - an amulet of regeneration (around neck)
 A - a ring of poison resistance
 D - a ring of willpower (right hand)
 T - a ring of willpower
 Y - a ring of protection from fire
Wands
 g - a wand of mindburst (55)
 q - a wand of iceblast (83)
 B - a wand of digging (7)
 E - a wand of paralysis (23)
 G - a wand of flame (89)
Scrolls
 f - 2 scrolls of teleportation
 m - 7 scrolls of enchant armour
 t - a scroll of silence
 x - 2 scrolls of blinking
 y - 9 scrolls of amnesia
 H - 6 scrolls of fear
 K - a scroll of holy word
 L - 3 scrolls of magic mapping
 N - 6 scrolls of fog
 O - 2 scrolls of brand weapon
Potions
 e - 3 potions of ambrosia
 o - 8 potions of heal wounds
 p - 8 potions of curing
 r - 5 potions of might
 u - 7 potions of haste
 z - 3 potions of invisibility
 J - 5 potions of brilliance
 M - 3 potions of cancellation
 P - 4 potions of berserk rage
 S - 6 potions of mutation
 U - 2 potions of magic
Miscellaneous
 I - a phial of floods
 R - a condenser vane
 X - a lightning rod (4/4)


   Skills:
 + Level 16.5 Fighting
 + Level 16.0 Long Blades
 - Level 10.0 Crossbows
 + Level 15.5 Armour
 + Level 8.0 Dodging
 - Level 1.0 Stealth
 * Level 15.0 Shields
 - Level 1.0 Unarmed Combat
 - Level 14.0 Invocations
 + Level 10.6 Evocations


You had 20 spell levels left.
You didn't know any spells.
Your spell library contained the following spells:

 Spells                   Type           Power      Damage    Failure   Level
 Foxfire                  Conj/Fire      0%         2x1d4     41%         1
 Magic Dart               Conj           0%         1d3       41%         1
 Pain                     Necr           0%         1d4       41%         1
 Sandblast                Erth           0%         2d4       41%         1
 Blink                    Tloc           N/A        N/A       54%         2
 Passwall                 Tmut/Erth      0%         N/A       54%         2
 Poisonous Vapours        Pois/Air       0%         N/A       54%         2
 Scorch                   Fire           0%         2d5       54%         2
 Slow                     Hex            0%         N/A       54%         2
 Static Discharge         Conj/Air       0%         N/A       54%         2
 Confusing Touch          Hex            0%         N/A       78%         3
 Conjure Flame            Conj/Fire      0%         6-21      78%         3
 Gell's Gravitas          Tloc           0%         N/A       78%         3
 Inner Flame              Hex/Fire       0%         N/A       78%         3
 Mephitic Cloud           Conj/Pois/Air  0%         N/A       78%         3
 Ozocubu's Armour         Ice            0%         N/A       78%         3
 Stone Arrow              Conj/Erth      0%         3d7       78%         3
 Teleport Other           Tloc           0%         N/A       78%         3
 Vampiric Draining        Necr           0%         2d6       78%         3
 Dispel Undead            Necr           0%         3d6       99%         4
 Flame Wave               Conj/Fire      0%         3d3       99%         4
 Passage of Golubria      Tloc           N/A        N/A       99%         4
 Petrify                  Tmut/Erth      0%         N/A       99%         4
 Agony                    Necr           0%         N/A       100%        5
 Borgnjor's Vile Clutch   Necr/Erth      0%         N/A       100%        5
 Excruciating Wounds      Necr           0%         N/A       100%        5
 Fireball                 Conj/Fire      0%         3d3       100%        5
 Lightning Bolt           Conj/Air       0%         1d11      100%        5
 Manifold Assault         Tloc           0%         N/A       100%        5
 Metabolic Englaciation   Hex/Ice        0%         N/A       100%        5
 Yara's Violent Unravell  Hex/Tmut       0%         3d3       100%        5
 Dispersal                Tloc           0%         N/A       100%        6
 Eringya's Noxious Bog    Tmut/Pois      0%         N/A       100%        6
 Starburst                Conj/Fire      0%         6d3       100%        6
 Statue Form              Tmut/Erth      0%         N/A       100%        6
 Orb of Destruction       Conj           0%         N/A       100%        7
 Storm Form               Tmut/Air       0%         N/A       100%        7
 Ignition                 Fire           0%         3d3       100%        8
 Maxwell's Capacitive Co  Air            0%         ∞         100%        8
 Animate Skeleton         Necr           Unusable   N/A       N/A         1
 Call Imp                 Summ           Unusable   N/A       N/A         2
 Summon Guardian Golem    Hex/Summ       Unusable   N/A       N/A         3
 Tukima's Dance           Hex            Unusable   N/A       N/A         3
 Animate Dead             Necr           Unusable   N/A       N/A         4
 Summon Ice Beast         Ice/Summ       Unusable   N/A       N/A         4
 Summon Forest            Summ/Tloc      Unusable   N/A       N/A         5
 Death Channel            Necr           Unusable   N/A       N/A         6
 Simulacrum               Ice/Necr       Unusable   N/A       N/A         6
 Summon Cactus Giant      Summ           Unusable   N/A       N/A         6
 Spellforged Servitor     Conj/Summ      Unusable   N/A       N/A         7
 Summon Hydra             Summ           Unusable   N/A       N/A         7
 Infestation              Necr           Unusable   N/A       N/A         8

Dungeon Overview and Level Annotations

Branches:
Dungeon (15/15)            Temple (0/1) D:7            Lair (6/6) D:10
  Swamp (4/4) Lair:4        Snake (4/4) Lair:3        Slime (0/5) Lair:5
    Orc (2/2) D:12            Elf (0/3) Orc:2        Vaults (2/5) D:13
 Depths (0/4) D:15          IceCv (visited)         Gauntlet (visited)
  Crypt: Vaults:2-3

Altars:
Ashenzari
Cheibriados
Elyvilon
Okawaru
Qazlal
Ru
Trog
Wu Jian
Zin
The Shining One
Beogh
Jiyva

Shops:
D:4 [   D:5 !   D:11 =   Orc:2 =[(*   Snake:2 =:   Vaults:2 :

Portals:
Trove: D:10 (give 11 potions of heal wounds)

Annotations:
D:15 2 runed translucent doors, Bialiabluu's ghost, adept GrEE


Message History

The deep troll is lightly wounded.
A vault warden comes into view.
It is wielding a +3 long sword of distortion.
The deep troll bites you but does no damage.
You block the deep troll's attack. The deep troll barely misses you.
You hit the deep troll but do no damage.
Lightning courses through the deep troll!!
The deep troll is heavily wounded.
The eidolon gestures.
The eidolon radiates an aura of fear!
You resist with almost no effort.
You closely miss the deep troll.
The deep troll is heavily wounded.
You block the deep troll's attack. x2; The deep troll claws you!
You slice the deep troll!!
You kill the deep troll!
Okawaru accepts your kill.
You miss something. Something hits you. Something bites you but does no damage.
You slice something!! Lightning courses through something! Something hits you!!
Something bites you but does no damage. The eidolon stares piercingly at you.
The bolt of negative energy hits something.
The bolt of negative energy misses you.
You closely miss something. Something hits you!! Something bites you.
Unknown command.
You closely miss something. Something draws life force from you!
As you read the scroll of teleportation, it crumbles to dust.
You feel strangely unstable. Something barely misses you. Something bites you!
Something hits you!!
* * * LOW HITPOINT WARNING * * *
Something bites you but does no damage.
Okay, then.
Okay, then.
Okay, then.
Okay, then.
The vault warden activates a sealing rune.
A door slams shut!
Something hits you!
* * * LOW HITPOINT WARNING * * *
Something bites you but does no damage.
You slash something! Something hits you!!
You die...

## #.....#..∩......#
#.....'..†......#
#.....####+######
#.....# #...# #.....#
#...# #.....# ##...##
#.....# #.....#
########.....###.....##
.............##.@.....#
............W##{.#+#..##
.............pT..#.#...#
.)...........#####.#####
p............# ###
############## .....
......... 8...8.....#


You could see a deep troll and an ironbound convoker.

Vanquished Creatures
  Vashnia (Arena)
  Bai Suzhen (Snake:4)
  Saint Roka (Orc:2)
  Jorgrun (D:15)
  A sphinx (Vaults:1)
  Roxanne (Snake:3)
  Kirke (Snake:2)
  5 nagarajas (Snake:4)
  Donald (Snake:2)
  A fenstrider witch (Swamp:4)
  A frost giant (IceCv)
  5 vault wardens
  Aizul (Lair:3)
  Louise (Snake:3)
  An orc warlord (Orc:2)
  2 ghouls (Swamp:4)
  4 ironbound preservers
  Nessos (D:15)
  An entropy weaver (Vaults:1)
  A minotaur (Gauntlet)
  6 dire elephants
  A bunyip (Swamp:2)
  Snorg (Orc:2)
  An eleionoma (Swamp:2)
  3 fire dragons (Swamp:4)
  4 yaktaur captains
  2 shambling mangroves (Swamp:4)
  A great orb of eyes (Vaults:1)
  4 salamander tyrants
  A rakshasa (D:15)
  11 vault guards
  21 hydras
  14 naga warriors
  4 ironbound thunderhulks
  3 ghost crabs
  16 centaur warriors
  Erolcha (D:12)
  3 ironbound frosthearts
  9 anacondas
  3 catoblepae
  8 two-headed ogres
  A tengu warrior (D:15)
  11 death yaks
  10 alligators
  21 naga sharpshooters
  2 orc high priests (Orc:2)
  8 shock serpents
  Sonja (Lair:4)
  A deep elf knight (Swamp:2)
  2 fire crabs (Swamp:4)
  4 salamander mystics
  4 goliath frogs
  2 skeletal warriors
  2 glowing orange brains (Vaults:2)
  10 deep trolls
  8 naga ritualists
  4 spriggan druids
  13 swamp dragons
  An ironbound convoker (Vaults:1)
  5 lindwurms
  A sphinx zombie (D:15)
  An obsidian statue (Vaults:1)
  A bog body (Swamp:4)
  3 harpies (Vaults:2)
  A deep elf archer (Swamp:2)
  2 orc knights
  A necromancer (D:15)
  A phantasmal warrior (D:15)
  A deep elf pyromancer (D:12)
  An oklob plant (Gauntlet)
  Pikel (D:4)
  9 mana vipers
  A wolf spider (D:10)
  32 salamanders
  A frost giant zombie (D:15)
  19 ugly things
  A sphinx skeleton (D:15)
  A large abomination (Gauntlet)
  2 will-o-the-wisps
  3 manticores
  8 cyclopes
  A tengu skeleton (D:15)
  2 elephants (Lair:6)
  17 naga magi
  2 guardian serpents
  A molten gargoyle (Swamp:4)
  An ice statue (IceCv)
  2 vault sentinels (Vaults:1)
  46 black mambas
  An eye of devastation (shapeshifter) (D:14)
  4 torpor snails
  An unseen horror (D:10)
  12 rime drakes
  11 komodo dragons
  12 cane toads
  An unseen horror (shapeshifter) (D:14)
  A minotaur zombie (Gauntlet)
  A kobold demonologist (D:12)
  17 yaktaurs
  2 freezing wraiths
  An efreet (D:12)
  A tengu conjurer (D:15)
  8 trolls
  A guardian mummy (D:10)
  A queen bee (shapeshifter) (D:14)
  3 tyrant leeches
  18 hornets
  8 polar bears
  3 meliai (Gauntlet)
  23 blink frogs
  8 slime creatures
  Prince Ribbit (D:7)
  A raiju (Swamp:2)
  17 dream sheep
  2 centaur simulacra
  4 redbacks (Vaults:1)
  A vampire (D:11)
  4 shadows
  15 spriggans
  4 hogs (Snake:2)
  7 wyverns
  3 humans
  7 basilisks
  63 yaks
  A human (shapeshifter) (D:10)
  Grum (D:10)
  5 steam dragons
  39 nagas
  6 wargs
  9 vampire mosquitoes
  Duvessa (D:5)
  22 water moccasins
  An acid dragon (Gauntlet)
  16 swamp worms
  30 orc warriors
  15 swamp drakes
  5 black bears
  3 necrophages
  9 ogres
  7 centaurs
  27 wolves
  A lemure (D:2)
  4 boggarts (Vaults:1)
  12 bullfrogs
  5 small abominations (Gauntlet)
  3 kobold brigands
  7 scorpions
  Dowan (D:5)
  A wyvern skeleton (D:6)
  2 water moccasin skeletons
  A killer bee (D:11)
  A troll zombie (D:12)
  3 howler monkeys
  9 wights
  A jelly (D:4)
  7 centaur zombies
  A lava snake (Snake:3)
  5 hounds
  14 orc priests
  Crazy Yiuf (D:6)
  2 centaur skeletons
  A bullfrog skeleton (D:7)
  A gnoll shaman (D:4)
  Jessica (D:3)
  7 hell rats
  23 orc wizards
  5 ogre zombies (D:12)
  A hound skeleton (D:5)
  6 adders
  8 gnolls
  2 howler monkey skeletons
  A white imp (D:6)
  An ufetubus (D:6)
  2 worms (D:2)
  3 dart slugs
  65 orcs
  11 endoplasms
  4 giant cockroaches
  5 goblins
  5 hobgoblins
  A jackal (D:5)
  5 quokkas
  8 ball pythons
  7 bats
  2 frilled lizards (D:1)
  2 goblin skeletons (D:12)
  4 goblin zombies (D:12)
  A hobgoblin skeleton (D:12)
  2 hobgoblin zombies (D:12)
  27 kobolds
  An orc skeleton (D:12)
  9 orc zombies (D:12)
  8 rats
1196 creatures vanquished.

Vanquished Creatures (others)
  A swamp dragon (Swamp:4)
  A steam dragon (Swamp:4)
  2 foxfires (Swamp:3)
  78 fungi
  96 plants
  4 withered plants (D:15)
182 creatures vanquished.

Grand Total: 1378 creatures vanquished

Notes
Turn   | Place    | Note
-------+----------+-------------------------------------------
     0 | D:1      | Spaninq the Human Wanderer began the quest for the Orb.
     0 | D:1      | Spaninq set off with the following items: a +0 hand
                  | crossbow, a +0 kite shield, 24 bolts, a potion of
                  | lignification, a +0 robe
     0 | D:1      | Reached XP level 1. HP: 22/22 MP: 1/1
    81 | D:1      | Got Sif Muna's Disquisition on Execration
   110 | D:1      | Found a faded altar of an unknown god.
   159 | D:1      | Reached skill level 1 in Crossbows
   162 | D:1      | Reached XP level 2. HP: 14/28 MP: 2/2
  1390 | D:1      | Reached XP level 3. HP: 26/34 MP: 3/3
  2334 | D:2      | Reached skill level 1 in Long Blades
  2334 | D:2      | Reached skill level 1 in Armour
  2334 | D:2      | Reached XP level 4. HP: 34/40 MP: 4/4
  2938 | D:3      | Found an iron altar of Okawaru.
  2946 | D:3      | Became a worshipper of Warmaster Okawaru
  2983 | D:3      | Noticed Jessica
  2994 | D:3      | Killed Jessica
  2995 | D:3      | Reached XP level 5. HP: 39/47 MP: 5/5
  3088 | D:3      | Found a sacrificial altar of Ru.
  3088 | D:3      | Found a glowing silver altar of Zin.
  3088 | D:3      | Found a glowing golden altar of the Shining One.
  3124 | D:3      | Reached skill level 1 in Invocations
  3193 | D:3      | Found a broken altar of Ashenzari.
  3459 | D:3      | Found an ornate altar of the Wu Jian Council.
  3801 | D:3      | Reached XP level 6. HP: 51/53 MP: 6/6
  4232 | D:3      | Found a white marble altar of Elyvilon.
  4276 | D:3      | Found a stormy altar of Qazlal.
  4385 | D:4      | Noticed an orc warrior
  4387 | D:4      | Noticed Pikel
  4484 | D:4      | Found Diucobb's Antique Armour Emporium.
  4588 | D:4      | Noticed an ogre
  5117 | D:4      | Noticed a black bear
  5122 | D:4      | Killed a black bear
  5218 | D:4      | Reached XP level 7. HP: 59/59 MP: 8/8
  5677 | D:4      | Killed Pikel
  5677 | D:4      | Reached * piety under Okawaru
  5678 | D:4      | Reached skill level 5 in Long Blades
  5678 | D:4      | Reached XP level 8. HP: 28/67 MP: 8/10
  5893 | D:4      | Found a snail-covered altar of Cheibriados.
  5994 | D:5      | Entered Level 5 of the Dungeon
  6037 | D:5      | Noticed Duvessa
  6052 | D:5      | Killed Duvessa
  6135 | D:5      | Identified the ring "Zeshopt" {rC+ rN+ Dex+2 Slay+2}
  6145 | D:5      | Reached ** piety under Okawaru
  6774 | D:5      | Reached XP level 9. HP: 73/73 MP: 12/12
  6902 | D:5      | Found Ametuseezoc's Distillery.
  6957 | D:5      | Noticed Dowan
  6962 | D:5      | Killed Dowan
  7242 | D:3      | Reached *** piety under Okawaru
  7479 | D:3      | Found a broken altar of Ashenzari.
  7658 | D:6      | Got the Reference Book on Glacial Dark Arts
  7665 | D:6      | Reached skill level 5 in Invocations
  7799 | D:6      | Found a runed translucent door.
  7800 | D:6      | Noticed Crazy Yiuf
  7807 | D:6      | Killed Crazy Yiuf
  7808 | D:6      | Reached skill level 5 in Armour
  8120 | D:7      | Noticed Prince Ribbit
  8158 | D:7      | Found a staircase to the Ecumenical Temple.
  8472 | D:7      | Killed Prince Ribbit
  8472 | D:7      | Reached **** piety under Okawaru
  8847 | D:8      | You fall into a shaft and drop 2 floors!
  8847 | D:10     | Entered Level 10 of the Dungeon
  8847 | D:10     | Found a staircase to the Lair.
  8861 | D:10     | Reached XP level 10. HP: 80/82 MP: 14/14
  8942 | D:10     | Found a portal to a secret trove of treasure.
  8950 | D:10     | Received a gift from Okawaru
  9307 | D:4      | Bought a brightly glowing chain mail for 209 gold pieces
  9307 | D:4      | Identified the +2 chain mail "Lirrog" {Rampage rElec Int+4}
                  | (You bought it in a shop on level 4 of the Dungeon)
  9320 | D:4      | Bought a helmet for 99 gold pieces
  9374 | D:8      | Noticed a two-headed ogre
  9380 | D:8      | Killed a two-headed ogre
  9456 | D:8      | Received a gift from Okawaru
  9677 | D:8      | Reached XP level 11. HP: 89/89 MP: 16/16
 10211 | D:8      | Reached ***** piety under Okawaru
 10429 | D:9      | Reached skill level 10 in Long Blades
 10451 | D:9      | Reached skill level 1 in Evocations
 10583 | D:10     | Noticed Grum
 10659 | D:10     | Killed Grum
 10984 | D:10     | Received a gift from Okawaru
 11007 | D:10     | Noticed a wolf spider
 11018 | D:10     | Killed a wolf spider
 11532 | Lair:1   | Entered Level 1 of the Lair of Beasts
 11565 | Lair:1   | Reached skill level 10 in Fighting
 11701 | Lair:1   | Received a gift from Okawaru
 11708 | Lair:1   | Reached XP level 12. HP: 33/97 MP: 12/18
 11804 | Lair:1   | Received a gift from Okawaru
 12468 | Lair:1   | Reached ****** piety under Okawaru
 12468 | Lair:1   | Received a gift from Okawaru
 13086 | Lair:2   | Reached skill level 5 in Evocations
 13994 | Lair:3   | Identified the +2 ring mail "Tinkea Golaph" {rF+ rC+ Dex+4
                  | Stlth-} (Okawaru gifted it to you on level 3 of the Lair of
                  | Beasts)
 13994 | Lair:3   | Received a gift from Okawaru
 14053 | Lair:3   | Reached XP level 13. HP: 105/105 MP: 20/20
 14061 | Lair:3   | Found a staircase to the Snake Pit.
 14086 | Lair:2   | HP: 5/105 [black mamba (14)]
 15260 | Lair:4   | Reached skill level 10 in Invocations
 15696 | Lair:4   | Received a gift from Okawaru
 15791 | Lair:4   | Found a staircase to the Swamp.
 15794 | Lair:4   | Noticed Sonja
 15965 | Lair:4   | Killed Sonja
 16542 | Lair:5   | Found a staircase to the Slime Pits.
 16543 | Lair:5   | Found a viscous altar of Jiyva.
 16572 | Lair:5   | Reached skill level 10 in Armour
 16724 | Lair:5   | Reached XP level 14. HP: 109/114 MP: 20/22
 17374 | D:11     | Found Eddusest's Jewellery Boutique.
 17962 | D:11     | Found a runed translucent door.
 18508 | D:12     | Received a gift from Okawaru
 18577 | D:12     | Found a staircase to the Orcish Mines.
 18806 | D:12     | Received a gift from Okawaru
 18866 | D:12     | Noticed Erolcha
 18871 | D:12     | Killed Erolcha
 19311 | D:13     | Found a gate to the Vaults.
 19766 | Orc:1    | Entered Level 1 of the Orcish Mines
 19872 | Orc:2    | Entered Level 2 of the Orcish Mines
 19877 | Orc:2    | Noticed an orc warlord
 20030 | Orc:1    | Found a frozen archway.
 20039 | IceCv    | Entered an ice cave
 20279 | IceCv    | Reached XP level 15. HP: 122/122 MP: 23/23
 20650 | IceCv    | Noticed a frost giant
 20722 | IceCv    | Killed a frost giant
 20723 | IceCv    | Reached skill level 5 in Shields
 21116 | Orc:1    | Reached XP level 16. HP: 114/129 MP: 24/24
 21500 | Orc:1    | Received a gift from Okawaru
 21617 | Orc:2    | Found a staircase to the Elven Halls.
 21770 | Orc:2    | Noticed Snorg
 21779 | Orc:2    | Killed Snorg
 21875 | Orc:2    | Found Iwoteg's General Store.
 21893 | Orc:2    | Bought a scroll of acquirement for 780 gold pieces
 21893 | Orc:2    | Acquired a +4 double sword of flaming
 22113 | Orc:2    | Found Qoro's Jewellery Emporium.
 22519 | Orc:2    | Noticed Saint Roka
 22570 | Orc:2    | Killed Saint Roka
 22812 | Orc:2    | Found Qoileacvi's Antique Weapon Boutique.
 22816 | Orc:2    | Found Lotokk's Antique Armour Shop.
 23099 | D:5      | Bought a potion of haste for 140 gold pieces
 23099 | D:5      | Bought a potion of mutation for 112 gold pieces
 23389 | D:13     | Found a gate to the Vaults.
 23599 | D:13     | Found a bloodstained altar of Trog.
 25046 | D:14     | Identified the +4 shortbow "Human's Foe" {speed, rN++ Int+4
                  | Stlth+} (Okawaru gifted it to you on level 14 of the
                  | Dungeon)
 25046 | D:14     | Received a gift from Okawaru
 25395 | Lair:6   | Entered Level 6 of the Lair of Beasts
 25441 | Lair:6   | Found a gate leading to a gauntlet.
 25458 | Gauntlet | Entered a Gauntlet
 25458 | Gauntlet | Found a transporter.
 25458 | Gauntlet | Found a transporter.
 25460 | Gauntlet | Found a transporter.
 25463 | Gauntlet | Found a transporter.
 25464 | Gauntlet | Found a transporter.
 25464 | Gauntlet | Found a transporter.
 25499 | Gauntlet | Found a transporter.
 25500 | Gauntlet | Found a transporter.
 25508 | Gauntlet | Found a transporter.
 25524 | Gauntlet | Found a transporter.
 25538 | Gauntlet | Found a transporter.
 25542 | Gauntlet | Found a transporter.
 26203 | Lair:5   | Reached skill level 15 in Long Blades
 26203 | Lair:5   | Reached XP level 17. HP: 121/137 MP: 26/26
 26209 | Lair:5   | Received a gift from Okawaru
 26732 | Lair:6   | Received a gift from Okawaru
 26995 | Lair:6   | Identified the +5 ring mail of Duck's Teeth {rElec Int+2
                  | SInv}
 27363 | Swamp:1  | Entered Level 1 of the Swamp
 27460 | Swamp:1  | Acquired the +0 hat of the Enormous Echidna {rElec Dex+5}
 27473 | Swamp:1  | Acquired the +1 pair of gloves "Iczumm" {Slay+4}
 27569 | Swamp:1  | Received a gift from Okawaru
 27628 | Swamp:1  | Found a white marble altar of Elyvilon.
 28582 | Swamp:2  | Reached skill level 10 in Crossbows
 28765 | Swamp:1  | Received a gift from Okawaru
 29231 | Swamp:2  | Found the +2 shield of Resistance {rF++ rC++ Will++}
 30526 | Swamp:3  | Reached XP level 18. HP: 131/146 MP: 28/28
 30666 | Swamp:4  | Entered Level 4 of the Swamp
 31986 | Swamp:4  | Identified the +6 triple sword "Kis Tumy" {flame, rF+ rN+
                  | Dex+2} (Okawaru gifted it to you on level 4 of the Swamp)
 31986 | Swamp:4  | Received a gift from Okawaru
 32596 | Swamp:4  | Received a gift from Okawaru
 32734 | Swamp:4  | Reached skill level 10 in Shields
 32868 | Swamp:4  | Got a decaying rune of Zot
 33186 | Snake:1  | Entered Level 1 of the Snake Pit
 33186 | Snake:1  | Noticed Aizul
 33200 | Lair:3   | Killed Aizul
 33514 | Snake:1  | Received a gift from Okawaru
 33599 | Snake:1  | Reached skill level 1 in Dodging
 33739 | Snake:1  | Received a gift from Okawaru
 34447 | Snake:2  | Noticed Vashnia
 34846 | Arena    | Entered the Arena
 34856 | Arena    | Killed Vashnia
 34857 | Arena    | Reached XP level 19. HP: 99/154 MP: 17/29
 34931 | Snake:2  | Noticed Donald
 35087 | Snake:2  | Killed Donald
 35130 | Snake:2  | Reached skill level 15 in Fighting
 35220 | Snake:2  | Noticed Kirke
 35247 | Snake:2  | Killed Kirke
 35478 | Snake:2  | Found Zimeucho's Jewellery Shoppe.
 35819 | Snake:2  | Found Sieqalenk's Distillery.
 36323 | Snake:2  | Found Tishion's Book Shop.
 36523 | Snake:3  | Noticed Roxanne
 36570 | Snake:3  | Received a gift from Okawaru
 36857 | Snake:3  | Killed Roxanne
 38185 | Snake:3  | Noticed Louise
 38276 | Snake:3  | Killed Louise
 38517 | Snake:3  | Reached skill level 5 in Dodging
 38553 | Snake:3  | Got the Compendium of Noxious Evil Magic
 38641 | Snake:4  | Entered Level 4 of the Snake Pit
 38699 | Snake:4  | Identified the +4 scale mail "Unoetava" {+Inv rElec Dex-3}
 38806 | Arena    | Entered the Arena
 38841 | Arena    | Entered the Arena
 39156 | Arena    | Entered the Arena
 39201 | Snake:4  | Received a gift from Okawaru
 39524 | Snake:4  | Reached XP level 20. HP: 163/163 MP: 30/30
 39883 | Snake:4  | Noticed Bai Suzhen
 39959 | Snake:4  | Killed Bai Suzhen
 39980 | Arena    | Entered the Arena
 40050 | Arena    | Entered the Arena
 40117 | Snake:4  | Received a gift from Okawaru
 40436 | Arena    | Entered the Arena
 41036 | Snake:4  | Got a serpentine rune of Zot
 41926 | D:15     | Entered Level 15 of the Dungeon
 42128 | D:15     | Found a staircase to the Depths.
 42162 | D:15     | Received a gift from Okawaru
 42236 | D:15     | Noticed Jorgrun
 42268 | D:15     | Killed Jorgrun
 42308 | D:15     | Found a large runed translucent door.
 42308 | D:15     | Found a large runed translucent door.
 42324 | D:15     | Noticed Bialiabluu's ghost (adept GrEE)
 42429 | D:15     | Noticed Nessos
 42441 | D:15     | Killed Nessos
 43147 | D:11     | Reached skill level 15 in Armour
 43438 | Vaults:1 | Entered Level 1 of the Vaults
 43525 | Vaults:1 | Found a gateway to a bazaar.
 43551 | Bazaar   | Entered a bazaar
 43553 | Bazaar   | Found Oxigh's Antique Armour Boutique.
 43557 | Bazaar   | Found Wotuuma's Weapon Boutique.
 43557 | Bazaar   | Found Fehuen's Magic Scroll Boutique.
 43557 | Bazaar   | Found Mosean's Jewellery Boutique.
 43573 | Bazaar   | Bought 2 scrolls of enchant weapon for 195 gold pieces
 43573 | Bazaar   | Bought a scroll of enchant weapon for 97 gold pieces
 43573 | Bazaar   | Bought a scroll of brand weapon for 260 gold pieces
 43573 | Bazaar   | Bought 3 scrolls of enchant weapon for 292 gold pieces
 43578 | Bazaar   | Bought a pair of glowing boots for 187 gold pieces
 43724 | Vaults:1 | Received a gift from Okawaru
 43759 | Vaults:1 | Received a gift from Okawaru
 43961 | Vaults:1 | Reached skill level 10 in Evocations
 43964 | Vaults:1 | Identified the +10 long sword "Gafamaoh" {elec, *Slow rC-
                  | rCorr SInv} (Okawaru gifted it to you on level 1 of the
                  | Vaults)
 43964 | Vaults:1 | Received a gift from Okawaru
 44103 | Vaults:1 | Reached XP level 21. HP: 139/171 MP: 31/31
 44893 | Vaults:1 | Acquired 1060 gold pieces
 45118 | Vaults:2 | Received a gift from Okawaru
 45998 | Vaults:2 | Found Cysux's Book Shoppe.
 46003 | Vaults:2 | Bought a manual of Long Blades for 1280 gold pieces
 46015 | Vaults:2 | Reached skill level 15 in Shields
 46086 | Vaults:2 | Mangled by a vampire knight

Illustrated notes

Levels and vault maps discovered:
D:1:      dpeg_arrival_signposts, layout_basic,
          shapermc_ecumenical_altar_mp_ritualfount, minmay_heptomino_w4
D:2:      minmay_skewed_foursquare, layout_basic, kennysheep_generic_room_2
D:3:      layout_loops_ring, evilmike_ruin_ashenzari,
          mainiacjoe_overflow_two_lobes, okawaru_trees_1,
          nicolae_overflow_quartered_altars, serial_glass, glass_columns_c,
          glass_columns_a, minmay_fractal_squares_gapless_5, uniq_jessica
D:4:      layout_rooms, kennysheep_mini, serial_bayou, serial_bayou_lagoon_b,
          serial_bayou_pond_b, serial_bayou_ford_a, serial_bayou_pond_d,
          serial_shops, nicolae_shop_trees, uniq_pikel
D:5:      layout_loops_ring, serial_shops, shop, serial_bayou_pond_e,
          grunt_ministairs_5, minmay_pentangle, uniq_duvessa
D:6:      layout_rooms, uniq_crazy_yiuf_cottage
D:7:      layout_basic, temple_hall, uniq_prince_ribbit1
D:8:      layout_loops_corners, minmay_misc_feat_secret_circle
D:9:      layout_big_octagon
D:10:     layout_stronghold, due_lair_maze_entry_diamond,
          nicolae_trove_entry_path_of_doom, serial_bayou_pond_e, uniq_grum
D:11:     layout_loops_corners, serial_shops, nicolae_lakefront_shop,
          lightli_airlock
D:12:     layout_basic, zombieorc1_lemuel, uniq_erolcha
D:13:     layout_irregular_city, lightli_vaults_fourway_checkpoint,
          trog_ov_bears_minmay
D:14:     layout_basic, kb_rosetta
D:15:     gammafunk_depths_entry_grave, layout_small_grid,
          ebering_ghost_disaster_area, uniq_jorgrun, uniq_nessos
Lair:1:   layout_loops_ring, serial_bayou_shore_b
Lair:2:   layout_small_grid, grunt_megastairs_2
Lair:3:   layout_loops_ring, minmay_snake_entry_six_corridors
Lair:4:   layout_long_grid, minmay_swamp_entry_swarm, uniq_sonja
Lair:5:   layout_regular_city, slime_altar_1, cheibrodos_lair_reptile_den
Lair:6:   hangedman_lair_in_review, layout_long_grid, gauntlet_entry_generic
Swamp:1:  layout_falls_marsh, lemuel_altar_in_water, swamp_pool1
Swamp:2:  layout_falls_marsh, infiniplex_staircase_pool,
          beargit_elvish_explorers
Swamp:3:  layout_falls_marsh, evilmike_swamp_ruin_house_1, swamp_pool1
Swamp:4:  swamp_fiery, layout_basic_swamp, swamp_pool5
Snake:1:  layout_onion_interference, grunt_megastairs_1, uniq_aizul
Snake:2:  layout_chambers, serial_shops, shop, nicolae_lakefront_shop, shop,
          uniq_vashnia, uniq_donald, uniq_kirke
Snake:3:  layout_onion_interference, nicolae_snake_salamander_zone,
          grunt_megastairs_4, uniq_louise, uniq_roxanne
Snake:4:  snake_pit, layout_onion, nicolae_snake_linked_coils, uniq_bai_suzhen
Orc:1:    layout_diamond_mine, portal_ice_cave_entry_pillars_1, nooodl_orcs_dogs
Orc:2:    grunt_orc_community_town_hall, layout_diamond_mine,
          grunt_orc_community_big_house_1, grunt_orc_community_big_house_2,
          grunt_orc_community_house_1, grunt_orc_community_house_1,
          grunt_orc_community_house_3, grunt_orc_community_house_1, basic_altar,
          small_statue_alley_c, uniq_snorg
Vaults:1: vaults_room_fours, ontoclasm_vaults_eye,
          nicolae_vaults_little_squares_6, vaults_room_boxed, vaults_room_pool,
          vaults_dpeg_encased_lava, layout_vaults_omnigrid, serial_shops,
          statue_bzr
Vaults:2: minmay_crypt_entry_simple_plaza, nicolae_vaults_little_squares_4,
          ontoclasm_vaults_decontamination, v_misc_13, grunt_vaults_funnel,
          v_misc_1, vaults_dpeg_spiral, v_misc_2, hangedman_vaults_trim,
          vaults_dpeg_ring, nicolae_vaults_border_crossing, layout_vaults_ring,
          serial_shops, shop

Skill      XL: |  1  2  3  4  5  6  7  8  9 10 11 12 13 14 15 16 17 18 19 20 21 |
---------------+----------------------------------------------------------------+-----
Crossbows      | 1 2 7 8 9 10 | 10.0
Long Blades    | 1 2 3 5 6 8 9 11 12 13 14 15 16 | 16.0
Armour         | 1 2 3 4 5 6 7 8 10 11 12 13 14 15 | 15.5
Invocations    | 1 2 3 4 5 7 8 9 10 11 12 13 14 | 14.0
Fighting       | 7 8 9 10 11 12 13 14 15 16 | 16.5
Evocations     | 3 5 6 7 8 10 | 10.6
Shields        | 4 5 6 8 10 12 14 15 | 15.0
Dodging        | 2 5 7 8 |  8.0
Stealth        | |  1.0
Unarmed Combat | |  1.0

Action                   |  1- 3 |  4- 6 |  7- 9 | 10-12 | 13-15 | 16-18 | 19-21 || total
-------------------------+-------+-------+-------+-------+-------+-------+-------++-------
Melee: Unarmed           |    19 |       |       |       |       |       |       ||    19
       Dagger            |   124 |       |       |       |       |       |       ||   124
       Demon blade       |    25 |   133 |   192 |   652 |   867 |   315 |    22 ||  2206
       Punch             |       |     1 |     1 |     2 |       |     4 |       ||     8
       Double sword      |       |       |       |       |       |  1020 |   954 ||  1974
 Fire: Hand crossbow     |     1 |       |       |       |    42 |   398 |   609 ||  1050
Invok: Finesse           |       |       |       |     2 |     3 |     6 |     2 ||    13
       Heroism           |       |       |       |     1 |     1 |     3 |     1 ||     6
       Duel              |       |       |       |       |       |     1 |     6 ||     7
Evoke: Wand              |       |       |       |       |     1 |       |       ||     1
  Use: Scroll            |     1 |     7 |     2 |    10 |     9 |    16 |    10 ||    55
       Potion            |       |       |       |       |     3 |     6 |     2 ||    11
 Stab: Paralysed         |       |       |       |       |     3 |       |       ||     3
       Invisible         |       |       |       |       |       |     5 |       ||     5
       Petrifying        |       |       |       |       |       |     1 |       ||     1
       Petrified         |       |       |       |       |       |     1 |       ||     1
       Distracted        |       |       |       |       |       |       |     1 ||     1
Armor: Robe              |    15 |       |       |       |       |       |       ||    15
       Chain mail        |    65 |    83 |    43 |   255 |   313 |   565 |       ||  1324
       Ring mail         |     2 |       |       |       |       |       |       ||     2
       Plate armour      |       |       |    41 |    28 |       |       |       ||    69
       Swamp dragon scal |       |       |       |       |       |    30 |   301 ||   331
Dodge: Dodged            |    70 |    42 |    70 |   194 |   186 |   316 |   437 ||  1315
Block: Buckler           |       |       |       |       |       |   365 |   110 ||   475
       Reflection        |       |       |       |       |       |    16 |    18 ||    34
       Kite shield       |       |       |       |       |       |       |   567 ||   567

Table legend: (Time is in decaauts)
 A = Elapsed time spent in this place.
 B = Non-inter-level travel time spent in this place.
 C = Inter-level travel time spent in this place.
 D = Time resting spent in this place.
 E = Time spent auto-exploring this place.
 F = Levels seen in this place.
 G = Mean time per level.
                   A        B        C        D        E       F      G
               +--------+--------+--------+--------+--------+-----+--------+
         Total |  45064 |  41742 |   3322 |   7205 |  21142 |  43 | 1048.0 |
       Dungeon |  18035 |  16097 |   1938 |   1761 |  10237 |  15 | 1202.3 |
          Lair |   7350 |   6615 |    735 |    673 |   3819 |   6 | 1225.0 |
         Swamp |   5780 |   5540 |    240 |   2166 |   1872 |   4 | 1445.0 |
     Snake Pit |   7800 |   7543 |    257 |   1733 |   2800 |   4 | 1950.0 |
  Orcish Mines |   2031 |   1989 |     42 |    142 |    936 |   2 | 1015.5 |
        Vaults |   2498 |   2389 |    109 |    335 |   1215 |   2 | 1249.0 |
        Bazaar |     40 |     40 |      0 |      0 |      0 |   1 |   40.0 |
      Ice Cave |    866 |    866 |      0 |    163 |    210 |   1 |  866.0 |
      Gauntlet |    410 |    410 |      0 |     31 |     52 |   1 |  410.0 |
         Arena |    249 |    249 |      0 |    200 |      1 |   7 |   35.6 |
               +--------+--------+--------+--------+--------+-----+--------+

Top non-repeatable levels by time:
 Snake:4: 2705 daAuts
 Snake:2: 2351 daAuts
     D:3: 2247 daAuts
     D:1: 1843 daAuts
 Swamp:2: 1724 daAuts
Vaults:1: 1641 daAuts
 Swamp:4: 1561 daAuts
     D:2: 1477 daAuts
 Snake:3: 1461 daAuts
 Swamp:3: 1436 daAuts
  Lair:4: 1405 daAuts
    D:12: 1365 daAuts
    D:13: 1348 daAuts
    D:11: 1311 daAuts
    D:10: 1284 daAuts
